Map: Romanticide LE

Players

BaBaFinGO

  • Race: Protoss Protoss
  • League: Diamond
  • Spawn Location: 11:00

Massa - Winner!

  • Race: Terran Terran
  • League: Platinum
  • Spawn Location: 5:00

VOD

Have the link to the VOD?

Description

Time

  • Played on: Feb. 13, 2021, 5:53 a.m.
  • Length: 12:27
Show
View Real Time Build Order
Export as new Build Order

BaBaFinGO Protoss 

Build Orders: Blink Stalkers 

Get SALT Encoding   

  12  0:00  Probe (Chrono Boost)  
  13  0:11  Probe (Chrono Boost)  
  14  0:19  Pylon  
  14  0:20  Probe  
  15  0:37  Probe  
  15  0:39  Gateway  
  16  0:47  Assimilator  
  16  0:51  Assimilator  
  16  0:53  Probe  
  17  1:05  Probe (Chrono Boost)  
  18  1:15  Probe (Chrono Boost)  
  19  1:20  Gateway  
  19  1:27  Cybernetics Core  
  19  1:28  Probe  
  20  1:42  Probe  
  20  1:43  Pylon  
  21  1:54  Probe  
  22  2:02  Warp Gate (Chrono Boost)  
  22  2:06  Stalker (Chrono Boost)  
  24  2:10  Stalker (Chrono Boost)  
  24  2:12  Probe  
  27  2:28  Probe  
  28  2:32  Twilight Council  
  28  2:44  Probe  
  28  2:47  Robotics Facility  
  29  2:57  Probe  
  30  3:07  Nexus  
  30  3:13  Blink (Chrono Boost)  
  30  3:21  Probe  
  31  3:28  Pylon  
  31  3:46  Probe, Observer, Stalker x2  
  37  4:00  Shield Battery  
  37  4:04  Pylon  
  37  4:18  Gateway  
  37  4:22  Gateway  
  37  4:26  Gateway  
  37  4:38  Stalker  
  37  4:44  Probe (Chrono Boost)  
  41  4:47  Probe (Chrono Boost)  
  41  4:53  Stalker  
  41  4:55  Probe (Chrono Boost)  
  41  4:57  Probe (Chrono Boost)  
  45  5:05  Stalker  
  47  5:12  Stalker  
  40  5:20  Stalker x2  
  38  5:32  Probe x2  
  40  5:38  Observer (Chrono Boost)  
  40  5:40  Stalker  
  43  5:43  Stalker  
  43  5:44  Probe  
  43  5:47  Probe  
  47  5:56  Probe  
  48  5:57  Stalker  
  48  5:59  Stalker  
  52  6:05  Probe  
  52  6:08  Probe  
  54  6:12  Stalker  
  54  6:17  Probe  
  57  6:20  Probe  
  57  6:21  Pylon  
  58  6:28  Stalker  
  58  6:31  Probe  
  58  6:32  Probe  
  60  7:00  Stalker x3  
  60  7:01  Stalker  
  63  7:05  Observer (Chrono Boost)  
  44  7:28  Probe  
  40  7:32  Probe  
  31  7:41  Probe  
  31  7:44  Probe  
  32  7:54  Probe (Chrono Boost)  
  32  7:56  Probe (Chrono Boost)  
  34  8:02  Nexus  
  35  8:06  Probe (Chrono Boost)  
  35  8:09  Probe (Chrono Boost)  
  35  8:10  Pylon  
  36  8:13  Probe (Chrono Boost)  
  36  8:14  Probe (Chrono Boost)  
  36  8:18  Assimilator  
  38  8:20  Probe, Assimilator  
  38  8:22  Probe  
  38  8:25  Warp Prism (Chrono Boost)  
  40  8:32  Probe (Chrono Boost)  
  43  8:35  Probe (Chrono Boost)  
  44  8:43  Probe (Chrono Boost), Stalker  
  44  8:45  Probe (Chrono Boost)  
  44  8:48  Stalker  
  50  9:05  Stalker x2  
  50  9:06  Probe  
  55  9:18  Probe x2  
  55  9:19  Probe, Stalker  
  60  9:30  Probe  
  61  9:41  Stalker x3  
  65  10:03  Probe  
  65  10:04  Probe  
  53  10:19  Probe  
  53  10:20  Probe  
  51  10:23  Stalker x3  
  51  10:24  Probe, Stalker x2  
  51  10:26  Robotics Bay  
  62  10:31  Probe  
  62  10:34  Probe  
  64  10:40  Probe  
  64  10:42  Forge  
  65  10:45  Probe  
  65  10:47  Shield Battery  
  65  10:49  Probe  
  65  10:52  Probe  
  65  10:54  Stalker x2  
  70  10:57  Probe  
  70  11:01  Probe  
  72  11:08  Stalker x3  
  72  11:10  Probe  
  72  11:11  Probe  
  80  11:35  Probe  
  80  11:36  Probe  
  82  11:40  Colossus (Chrono Boost)  
  80  11:49  Stalker x2  
  80  11:50  Stalker x3  
  73  11:56  Shield Battery  
  73  12:00  Shield Battery  
  73  12:03  Shield Battery  
  73  12:12  Stalker  
  73  12:13  Stalker x2  
Show
View Real Time Build Order
Export as new Build Order

Massa Terran - Winner!

Build Orders: 2 Factory 

Get SALT Encoding   

  12  0:00  SCV  
  13  0:12  SCV  
  14  0:17  Supply Depot  
  14  0:26  SCV  
  15  0:42  Barracks  
  15  0:44  SCV  
  15  0:47  Refinery  
  16  0:56  SCV  
  17  1:08  SCV  
  18  1:21  SCV  
  19  1:38  Orbital Command  
  19  1:41  Barracks Reactor  
  19  1:50  Command Center  
  19  2:04  SCV  
  20  2:12  Factory  
  20  2:14  Supply Depot  
  20  2:17  Marine  
  20  2:18  Marine  
  22  2:33  SCV  
  22  2:35  Marine  
  22  2:36  Marine  
  25  2:43  Bunker  
  25  2:52  SCV  
  25  2:53  Marine x2  
  25  2:58  Widow Mine  
  30  3:02  Factory  
  30  3:09  SCV  
  30  3:12  Orbital Command  
  31  3:13  Marine  
  32  3:21  SCV  
  33  3:28  Supply Depot  
  33  3:42  Hellion  
  33  3:43  Hellion  
  37  3:51  Starport  
  37  3:52  Factory Tech Lab  
  37  3:54  Barracks Tech Lab, SCV  
  37  3:55  SCV  
  39  4:07  SCV, Hellion  
  39  4:08  Hellion  
  44  4:10  SCV  
  44  4:12  Widow Mine  
  44  4:13  Marine  
  48  4:19  SCV  
  49  4:26  Refinery, SCV  
  49  4:30  Hellion x2, Marine  
  49  4:31  SCV  
  54  4:44  Supply Depot  
  54  4:45  Cloaking Field  
  54  4:49  Factory Tech Lab  
  54  4:53  Refinery  
  54  4:57  SCV  
  54  5:00  SCV  
  51  5:12  SCV  
  37  5:25  Marauder  
  37  5:26  Widow Mine x2, Banshee  
  37  5:28  SCV x2  
  46  5:35  Refinery  
  46  5:38  Engineering Bay  
  46  5:40  SCV x2  
  46  5:42  Command Center  
  48  5:49  Barracks  
  48  5:51  Barracks, Marine  
  48  5:52  SCV x2, Barracks  
  48  5:53  Widow Mine x2  
  55  5:57  Supply Depot  
  55  6:00  Siege Tank  
  58  6:06  SCV x2  
  58  6:10  Missile Turret  
  60  6:16  Supply Depot  
  60  6:19  Banshee  
  60  6:20  Supply Depot  
  60  6:23  SCV x2  
  65  6:38  Widow Mine x2, Siege Tank  
  72  6:51  Marauder  
  64  7:12  Marauder  
  66  7:19  Marine x3  
  61  7:33  Marauder  
  62  7:37  Marine x3  
  65  7:47  SCV x2  
  65  7:48  SCV  
  68  7:59  SCV x2  
  68  8:00  SCV, Terran Infantry Weapons Level 1  
  68  8:03  Missile Turret  
  71  8:07  Barracks Reactor, Barracks Tech Lab x2  
  71  8:11  SCV  
  72  8:28  Medivac, Siege Tank  
  72  8:30  Widow Mine x2  
  72  8:31  Marauder x2  
  72  8:32  Marauder  
  72  8:33  SCV  
  72  8:34  SCV  
  89  8:45  SCV  
  89  8:46  SCV  
  91  8:53  Marauder, Marine x2  
  93  9:03  Refinery, Supply Depot x3  
  93  9:04  Supply Depot  
  93  9:08  Armory  
  93  9:10  Planetary Fortress  
  93  9:21  Stimpack  
  93  9:24  SCV x2, Marauder x2, Marine x3  
  93  9:27  Concussive Shells  
  93  9:29  Supply Depot  
  102  9:36  SCV x2  
  102  9:37  Engineering Bay  
  104  9:42  Marauder, Marine x2  
  105  9:48  SCV x2  
  104  10:00  SCV x2  
  104  10:06  SCV  
  107  10:13  SCV x2  
  106  10:19  SCV  
  104  10:22  Refinery  
  104  10:23  Terran Infantry Armor Level 1  
  104  10:25  SCV x2  
  106  10:31  SCV  
  106  10:35  Missile Turret  
  107  10:37  SCV x2  
  107  10:40  Sensor Tower  
  109  10:43  SCV  
  109  10:48  Missile Turret  
  109  10:49  SCV  
  109  10:52  SCV, Sensor Tower  
  109  10:55  SCV  
  111  11:01  SCV  
  111  11:03  Raven  
  111  11:04  SCV, Command Center, Siege Tank  
  114  11:06  Widow Mine x2  
  114  11:09  Marauder x3, Marine  
  114  11:10  Marine  
  130  11:14  Refinery  
  130  11:27  Widow Mine  
  130  11:28  Widow Mine  
  130  11:29  Missile Turret  
  133  11:40  Marine  
  133  11:41  Marine  
  133  11:42  Supply Depot  
  133  11:44  Supply Depot  
  133  11:46  Supply Depot  
  133  11:48  Marauder  
  133  12:04  Marauder, Marine  
  133  12:06  Marauder  
  143  12:08  Supply Depot  
Tags
 
Composition
Blink Stalkers
Matchup
PvT
Opening
2 Factory
Replay Pack
Multiplayer
Spawn Locations
Cross Positions
Add a new tag
Caveats
  • Supply blocks, unpowered buildings, or Contaminate may cause inaccurate times.
  • Supply counts are checked every 10 seconds.